 Dungeon Crawl Stone Soup version 0.24.0-123-gd5b16e6ec5 (webtiles) character file.

Game seed: 10135095693973752805, levelgen mode: deterministic

3579 Froggeryz the Nimble (level 10, -2/77 HPs)
             Began as a Gnoll Gladiator on Dec 29, 2019.
             Was a Priest of Okawaru.
             Slain by a centaur warrior (4 damage)
             ... on level 7 of the Dungeon.
             The game lasted 00:16:13 (7517 turns).

Froggeryz the Nimble (Gnoll Gladiator)              Turns: 7517, Time: 00:16:14

Health: -2/77      AC:  6    Str: 17    XL:     10   Next: 10%
Magic:  17/17      EV: 19    Int: 14    God:    Okawaru [***...]
Gold:   455        SH:  4    Dex: 16    Spells: 18/18 levels left

rFire    . . .     SeeInvis .   D - +2 halberd (holy)
rCold    . . .     Gourm    .   (shield currently unavailable)
rNeg     + . .     Faith    .   b - +0 leather armour
rPois    .         Spirit   .   G - +0 helmet
rElec    .         Reflect  +   (no cloak)
rCorr    .         Harm     .   u - +0 pair of gloves
MR       .....                  (no boots)
Stlth    +++.......             E - +4 amulet of reflection
HPRegen  0.22/turn              K - +2 ring of evasion
MPRegen  0.15/turn              w - ring of positive energy

@: no status effects
A: distributed training, fangs 1, strong nose
a: Heroism, Renounce Religion


You were on level 7 of the Dungeon.
You worshipped Okawaru.
Okawaru was most pleased with you.
You were hungry.

You visited 2 branches of the dungeon, and saw 8 of its levels.

You collected 455 gold pieces.

Inventory:

Hand Weapons
 o - a +0 short sword of draining
 D - a +2 halberd of holy wrath (weapon)
 J - a +2 dire flail of draining
 M - the cursed +2 dagger of Intuition {vamp, +Rage Dex+4}
   (You found it on level 6 of the Dungeon)

   It inflicts no extra harm, but heals its wielder when it wounds a living foe.
   It affects your dexterity (+4).
   It lets you go berserk.
   It has a curse placed upon it.
 N - a +0 shortbow of velocity
 P - a +1 hand axe of freezing
Missiles
 d - a throwing net
 H - 27 poisoned darts (quivered)
 O - 34 arrows
Armour
 b - a +0 leather armour (worn)
 c - a +0 helmet
 u - a +0 pair of gloves (worn)
 G - a +0 helmet (worn)
Jewellery
 k - an uncursed ring of protection from fire
 s - an uncursed ring of ice
 w - a ring of positive energy (right hand)
 E - a +4 amulet of reflection (around neck)
 I - a cursed -2 ring of evasion
 K - a +2 ring of evasion (left hand)
Wands
 n - a wand of acid (9)
 L - a wand of digging (6)
Scrolls
 e - 6 scrolls of noise {unknown}
 h - a scroll of amnesia
 j - 6 scrolls of teleportation {unknown}
 l - a scroll of enchant weapon {unknown}
 m - 4 scrolls of remove curse
 q - a scroll of blinking {unknown}
 r - 3 scrolls of magic mapping
 t - 3 scrolls of identify
 y - a scroll of random uselessness {unknown}
 z - a scroll of enchant armour {unknown}
 C - a scroll of fog
Potions
 a - a potion of degeneration {unknown}
 g - 4 potions of might {unknown}
 p - a potion of haste {unknown}
 v - 3 potions of curing
 x - 2 potions of mutation {unknown}
 A - a potion of flight {unknown}
 B - 2 potions of invisibility {unknown}
Comestibles
 f - 8 rations


   Skills:
 + Level 6.7 Fighting
 + Level 4.8 Short Blades
 + Level 4.8 Long Blades
 + Level 4.8 Axes
 + Level 8.2 Maces & Flails
 + Level 4.8 Polearms
 + Level 4.8 Staves
 + Level 4.8 Slings
 + Level 4.8 Bows
 + Level 4.8 Crossbows
 + Level 6.7 Throwing
 + Level 4.8 Armour
 + Level 8.2 Dodging
 + Level 4.8 Stealth
 + Level 4.8 Shields
 + Level 4.8 Unarmed Combat
 + Level 4.8 Spellcasting
 + Level 4.0 Conjurations
 + Level 4.0 Hexes
 + Level 4.0 Charms
 + Level 4.0 Summonings
 + Level 4.0 Necromancy
 + Level 4.0 Translocations
 + Level 4.0 Transmutations
 + Level 4.0 Fire Magic
 + Level 4.0 Ice Magic
 + Level 4.0 Air Magic
 + Level 4.0 Earth Magic
 + Level 4.0 Poison Magic
 + Level 5.3 Invocations
 + Level 4.8 Evocations


You had 18 spell levels left.
You didn't know any spells.
Your spell library was empty.

Dungeon Overview and Level Annotations

Branches:
Dungeon (7/15)             Temple (1/1) D:4

Altars:
Ashenzari
Dithmenos
Elyvilon
Fedhas
Gozag
Hepliaklqana
Kikubaaqudgha
Makhleb
Nemelex Xobeh
Okawaru
Ru
Sif Muna
Trog
Uskayaw
Vehumet
Wu Jian
Zin
The Shining One

Shops:
D:5 %


Innate Abilities, Weirdness & Mutations

Your experience applies equally to all skills.
You have very sharp teeth.
Your uncanny sense of smell can sniff out nearby items.


Message History

* * * LOW HITPOINT WARNING * * *
Unknown command.
As you read the scroll labeled QYTI TYSSALL, it crumbles to dust.
You feel aware of your surroundings.
It was a scroll of magic mapping.
The shadow completely misses you.
The centaur warrior completely misses you.
As you read the scroll labeled NENIYQ UTYTO, it crumbles to dust.
The scroll dissolves into smoke.
It was a scroll of fog.
You block the centaur warrior's attack. The shadow misses you.
The centaur warrior hits you but does no damage.
As you read the scroll labeled ATIVIXE VOADGH, it crumbles to dust.
It is a scroll of amnesia.
You feel forgetful for a moment. You block the shadow's attack.
The centaur warrior hits you but does no damage.
Unknown command.
Unknown command.
As you read the scroll labeled YTA GUOSUQONU, it crumbles to dust.
You feel blessed for a moment.
It was a scroll of remove curse.
The centaur warrior hits you.
You die...

,**,,**,,*,*,***,,,***,,,,,,,,,,,
,*,,,,*,**,*..#...,,,*,,,,,****,*
,,,,**,**,,,,.....,,,,,**********
,*,**,*,,,,*,.....*,,#,,,,,,,,,,,
,*,*,,**,,****...##*.#,,..,,,,,,,
,*,*,,,***** *#.n.#..*,...,,,,,,,
,*,**,,,,,,* *§...,**....,,,,,,,
,*****,#########W#####...,,,,,,,,
,,,,,,,........§@§§......,,,,,,,,
*****,,........§§c§..#..,,,,,,,,,
*****,,<........§§§..###########*
,,,,,*'###########...............
,,,*,,∆,#....#...'...............
,,,*,,,,#....#...#...............
,,,*,,,,#....#...#...............
,,,*,,,,#....#...#...............
,,,*,,,,#....#...#...............


You could see a centaur warrior, a necrophage and a shadow.

Vanquished Creatures
  Pikel (D:5)
  Prince Ribbit (D:6)
  A hippogriff (D:7)
  Grinder (D:4)
  Edmund (D:5)
  Menkaure (D:7)
  An orc warrior (D:6)
  2 ice beasts (D:5)
  A sky beast (D:6)
  5 ogres
  3 phantoms
  2 centaurs
  Blork the orc (D:6)
  A howler monkey (D:4)
  2 centaur zombies
  2 crimson imps (D:6)
  2 quasits
  A hound (D:3)
  A jelly (D:6)
  2 orc priests (D:5)
  A bullfrog skeleton (D:5)
  Jessica (D:2)
  Ijyb (D:5)
  2 iguanas
  5 worker ants
  A hound skeleton (D:6)
  2 worker ant zombies
  14 gnolls
  2 howler monkey skeletons (D:4)
  11 adders
  4 oozes
  An adder zombie (D:6)
  An adder skeleton (D:7)
  2 dart slugs
  5 leopard geckos
  9 orcs
  10 giant cockroaches
  8 goblins
  7 hobgoblins
  6 jackals
  A quokka (D:6)
  A ball python (D:1)
  10 bats
  10 frilled lizards
  7 kobolds
  A quokka skeleton (D:5)
  6 rats
161 creatures vanquished.

Vanquished Creatures (others)
  An orc wizard (D:5)
  A quokka (D:5)
  A plant (D:4)
3 creatures vanquished.

Grand Total: 164 creatures vanquished

Notes
Turn   | Place    | Note
-------+----------+-------------------------------------------
     0 | D:1      | Froggeryz the Gnoll Gladiator began the quest for the Orb.
     0 | D:1      | Reached XP level 1. HP: 20/20 MP: 1/1
   129 | D:1      | Reached XP level 2. HP: 24/26 MP: 2/2
   297 | D:1      | Reached XP level 3. HP: 26/31 MP: 3/3
   512 | D:2      | Reached skill level 1 in Invocations
   617 | D:2      | Noticed Jessica
   632 | D:2      | Reached skill level 1 in Short Blades
   632 | D:2      | Reached skill level 1 in Long Blades
   632 | D:2      | Reached skill level 1 in Axes
   632 | D:2      | Reached skill level 1 in Polearms
   632 | D:2      | Reached skill level 1 in Staves
   632 | D:2      | Reached skill level 1 in Slings
   632 | D:2      | Reached skill level 1 in Bows
   632 | D:2      | Reached skill level 1 in Crossbows
   632 | D:2      | Reached skill level 1 in Armour
   632 | D:2      | Reached skill level 1 in Stealth
   632 | D:2      | Reached skill level 1 in Shields
   632 | D:2      | Reached skill level 1 in Unarmed Combat
   632 | D:2      | Reached skill level 1 in Spellcasting
   632 | D:2      | Reached skill level 1 in Evocations
   643 | D:2      | Killed Jessica
   643 | D:2      | Reached XP level 4. HP: 13/38 MP: 5/5
  1236 | D:2      | Reached skill level 1 in Conjurations
  1236 | D:2      | Reached skill level 1 in Hexes
  1236 | D:2      | Reached skill level 1 in Charms
  1236 | D:2      | Reached skill level 1 in Summonings
  1236 | D:2      | Reached skill level 1 in Necromancy
  1236 | D:2      | Reached skill level 1 in Translocations
  1236 | D:2      | Reached skill level 1 in Transmutations
  1236 | D:2      | Reached skill level 1 in Fire Magic
  1236 | D:2      | Reached skill level 1 in Ice Magic
  1236 | D:2      | Reached skill level 1 in Air Magic
  1236 | D:2      | Reached skill level 1 in Earth Magic
  1236 | D:2      | Reached skill level 1 in Poison Magic
  1426 | D:3      | Reached XP level 5. HP: 36/43 MP: 6/6
  2475 | D:3      | Reached XP level 6. HP: 27/50 MP: 8/8
  3151 | D:4      | Noticed a phantom
  3166 | D:4      | Reached skill level 5 in Fighting
  3166 | D:4      | Reached skill level 5 in Throwing
  3264 | D:3      | Killed a phantom
  3264 | D:3      | Reached XP level 7. HP: 41/56 MP: 10/10
  3314 | D:4      | Noticed Grinder
  3354 | D:4      | Paralysed by Grinder for 5 turns
  3770 | D:4      | Killed Grinder
  3801 | D:4      | Reached XP level 8. HP: 45/63 MP: 12/12
  4065 | D:4      | Found a hide-covered altar of Uskayaw.
  4092 | D:4      | Found a staircase to the Ecumenical Temple.
  4193 | Temple   | Entered the Ecumenical Temple
  4426 | D:5      | Entered Level 5 of the Dungeon
  4535 | D:5      | Found an opulent altar of Gozag.
  4536 | D:5      | Found a hazy altar of Hepliaklqana.
  4536 | D:5      | Found an iron altar of Okawaru.
  4564 | D:5      | Became a worshipper of Warmaster Okawaru
  4806 | D:5      | Noticed Edmund
  4915 | D:5      | Killed Edmund
  4999 | D:5      | Found Noxkarey's Food Emporium.
  5012 | D:5      | Reached * piety under Okawaru
  5078 | D:5      | Noticed Ijyb
  5094 | D:5      | Killed Ijyb
  5333 | D:5      | Noticed Pikel
  5369 | D:5      | Killed Pikel
  5369 | D:5      | Reached ** piety under Okawaru
  5369 | D:5      | Reached XP level 9. HP: 52/69 MP: 14/14
  6073 | D:6      | Noticed Prince Ribbit
  6095 | D:6      | Killed Prince Ribbit
  6318 | D:6      | Got a steaming dagger
  6319 | D:6      | Identified the cursed +2 dagger of Intuition {vamp, +Rage
                  | Dex+4} (You found it on level 6 of the Dungeon)
  6479 | D:6      | Found a glowing golden altar of the Shining One.
  6501 | D:6      | Noticed Blork the orc
  6533 | D:6      | Killed Blork the orc
  6533 | D:6      | Reached *** piety under Okawaru
  6770 | D:6      | Reached skill level 5 in Invocations
  6979 | D:6      | Found a sparkling altar of Nemelex Xobeh.
  7098 | D:6      | Reached XP level 10. HP: 60/77 MP: 15/17
  7378 | D:7      | Got a slimy flail
  7379 | D:7      | Identified the +1 flail "Ugriv" {pain, *Drain rC+ Dex+3}
                  | (You found it on level 7 of the Dungeon)
  7481 | D:7      | Noticed Menkaure
  7486 | D:7      | Killed Menkaure
  7487 | D:7      | Noticed a centaur warrior
  7513 | D:7      | HP: 1/77 [centaur warrior (6)]
  7517 | D:7      | Slain by a centaur warrior

Levels and vault maps discovered:
D:1:      zaba_arrival_water, layout_rooms, minmay_tall_x
D:2:      layout_loops_ring, uniq_jessica
D:3:      layout_basic, first_ration, hangedman_abyss_or_decor_lesser_grid,
          serial_bayou_crossing
D:4:      layout_basic, minmay_temple_entry_poolview, kennysheep_flooded_box,
          serial_bayou_lake_a, uniq_grinder
D:5:      layout_loops_corners, chequers_temple_overflow_statue_of_worship,
          serial_shops, nicolae_shop_trees, kennysheep_dice, uniq_edmund,
          uniq_pikel, uniq_ijyb
D:6:      layout_loops_ring, kennysheep_mini_moat, doesnt_xom_only_xom,
          nemelex_dance_club_becter, uniq_prince_ribbit1, uniq_blork_the_orc
D:7:      layout_gridville, grunt_ogre_cave, st_stairs_12, minmay_the_grid_2x2
          [minmay_the_grid_minigrid_medium, minmay_the_grid_fan,
          minmay_the_grid_eight, minmay_the_grid_prize_trominoes], uniq_menkaure
Temple:   dpeg_chambers_temple

Skill      XL: |  1  2  3  4  5  6  7  8  9 10 |
---------------+-------------------------------+-----
Invocations    | 1 2 3 4 5 |  5.3
Short Blades   | 1 2 3 4 |  4.8
Long Blades    | 1 2 3 4 |  4.8
Axes           | 1 2 3 4 |  4.8
Polearms       | 1 2 3 4 |  4.8
Staves         | 1 2 3 4 |  4.8
Slings         | 1 2 3 4 |  4.8
Bows           | 1 2 3 4 |  4.8
Crossbows      | 1 2 3 4 |  4.8
Armour         | 1 2 3 4 |  4.8
Stealth        | 1 2 3 4 |  4.8
Shields        | 1 2 3 4 |  4.8
Unarmed Combat | 1 2 3 4 |  4.8
Spellcasting   | 1 2 3 4 |  4.8
Evocations     | 1 2 3 4 |  4.8
Conjurations   | 1 2 3 4 |  4.0
Hexes          | 1 2 3 4 |  4.0
Charms         | 1 2 3 4 |  4.0
Summonings     | 1 2 3 4 |  4.0
Necromancy     | 1 2 3 4 |  4.0
Translocations | 1 2 3 4 |  4.0
Transmutations | 1 2 3 4 |  4.0
Fire Magic     | 1 2 3 4 |  4.0
Ice Magic      | 1 2 3 4 |  4.0
Air Magic      | 1 2 3 4 |  4.0
Earth Magic    | 1 2 3 4 |  4.0
Poison Magic   | 1 2 3 4 |  4.0
Fighting       | 5 6 |  6.7
Throwing       | 5 6 |  6.7
Maces & Flails | 7 8 |  8.2
Dodging        | 7 8 |  8.2

Action                   |  1- 3 |  4- 6 |  7- 9 | 10-12 || total
-------------------------+-------+-------+-------+-------++-------
Melee: Flail             |   116 |   180 |    16 |       ||   312
       Bite              |    10 |    24 |    43 |     7 ||    84
       Punch             |       |     2 |       |       ||     2
       Halberd           |       |       |   116 |     8 ||   124
       Short sword       |       |       |   208 |     8 ||   216
       Whip              |       |       |    38 |       ||    38
       Hand axe          |       |       |       |    10 ||    10
 Fire: Hunting sling     |       |     9 |    13 |       ||    22
       Shortbow          |       |       |    27 |       ||    27
Throw: Throwing net      |       |     1 |     1 |       ||     2
       Dart              |       |       |     3 |       ||     3
Evoke: Wand              |       |       |     3 |       ||     3
  Use: Scroll            |       |       |     2 |     5 ||     7
       Potion            |       |       |       |     3 ||     3
 Stab: Sleeping          |     1 |     1 |     6 |     1 ||     9
       Distracted        |       |       |     1 |     1 ||     2
       Held in net/web   |       |       |     2 |       ||     2
  Eat: Chunk             |       |     7 |    13 |     1 ||    21
Armor: Leather armour    |    23 |    43 |    52 |     8 ||   126
Dodge: Dodged            |    96 |   154 |   241 |    38 ||   529
Block: Other             |       |       |    36 |     6 ||    42
